 Dungeon Crawl Stone Soup version 0.31-a0-977-gc230f8ef24 (webtiles) character file.

Game seed: 17727803058923093705

54965 Dordric the Cruncher (level 15, -9/115 HPs)
             Began as a Djinni Fire Elementalist on Oct 30, 2023.
             Was the Champion of Makhleb.
             Mangled by an eight-headed hydra (10 damage)
             ... on level 5 of the Lair of Beasts.
             The game lasted 00:44:08 (17207 turns).

Dordric the Cruncher (Djinni Fire Elementalist)    Turns: 17207, Time: 00:44:08

Health: -9/115     AC: 11    Str:  7    XL:     15   Next: 16%
Gold:   1265       EV: 11    Int: 26    God:    Makhleb [******] SH:  0 Dex: 15

rFire   + + +        e - +2 lajatang (vamp)
rCold   x x x        (shield currently unavailable)
rNeg    . . .        G - +1 troll leather armour
rPois   ∞            w - +1 helmet
rElec   .            y - +4 cloak "Dutaona" {rPois rF- Int+3}
rCorr   .            (no gloves)
SInv    .            (boots unavailable)
Will    +....        B - amulet of regeneration
Stlth   ++           j - ring of fire
HPRegen 1.99/turn    o - ring of fire
MPRegen 0.00/turn

%: infuse magic (-10 HP)
@: flying
A: sickness immunity, fire resistance 2, cold vulnerability 1, float, innate
caster, HP casting, extra vitality 1
a: Renounce Religion, Minor Destruction, Lesser Servant of Makhleb, Major
Destruction, Greater Servant of Makhleb


You were on level 5 of the Lair of Beasts.
You worshipped Makhleb.
Makhleb was exalted by your worship.
You visited 3 branches of the dungeon, and saw 19 of its levels.

You collected 1265 gold pieces.

Inventory:

Hand Weapons
 e - a +2 vampiric lajatang (weapon)
 l - a +1 dagger of flaming
 C - a +1 demon whip of venom
Armour
 a - a +2 robe
 m - a +1 ring mail of cold resistance
 w - a +1 helmet (worn)
 y - the +4 cloak "Dutaona" (worn) {rPois rF- Int+3}
   (You found it on level 9 of the Dungeon)

   Int+3:     It affects your intelligence (+3).
   rF-:       It makes you vulnerable to fire.
   rPois:     It protects you from poison
 G - a +1 troll leather armour (worn)
Jewellery
 j - a ring of fire (left hand)
 o - a ring of fire (right hand)
 B - an amulet of regeneration (around neck)
 L - a ring of wizardry
 N - the ring of Contentment {Will++ rCorr}
   (You found it on level 13 of the Dungeon)

   [ring of resist corrosion]

   Will++:    It greatly increases your willpower.
   rCorr:     It protects you from acid and corrosion.
 O - the ring of Tiew {Ice Will+ SInv}
   (You acquired it on level 12 of the Dungeon)

   [ring of ice]

   Ice:       It enhances your ice magic.
   rF-:       It makes you vulnerable to fire.
   rC+:       It protects you from cold.
   Will+:     It increases your willpower.
   SInv:      It lets you see invisible.
Wands
 s - a wand of roots (20)
 x - a wand of flame (79)
 H - a wand of mindburst (13)
 J - a wand of digging (6)
 M - a wand of quicksilver (8)
Scrolls
 c - a scroll of enchant armour
 d - 2 scrolls of poison
 g - 2 scrolls of revelation {unknown}
 k - 5 scrolls of fog
 n - a scroll of immolation {unknown}
 p - 2 scrolls of enchant weapon {unknown}
 q - 4 scrolls of teleportation
 t - a scroll of blinking {unknown}
 u - 3 scrolls of vulnerability
 v - a scroll of silence
 I - a scroll of brand weapon
 K - 4 scrolls of identify
Potions
 b - a potion of enlightenment
 f - 10 potions of curing
 h - 6 potions of attraction
 i - 2 potions of magic {unknown}
 r - 3 potions of haste
 z - 2 potions of mutation {unknown}
 A - 6 potions of might
 D - a potion of heal wounds {unknown}
 E - a potion of invisibility {unknown}
 F - 3 potions of brilliance {unknown}
 P - 7 potions of ambrosia


   Skills:
 + Level 13.5 Fighting
 - Level 14.0 Staves
 - Level 2.1 Dodging
 - Level 1.5 Stealth
 + Level 12.2 Spellcasting
 + Level 12.2 Conjurations
 + Level 12.2 Hexes
   Level 0.0 Charms
 + Level 12.2 Summonings
 + Level 12.2 Necromancy
 + Level 12.2 Translocations
 + Level 12.2 Transmutations
 + Level 12.2 Fire Magic
 + Level 12.2 Ice Magic
 + Level 12.2 Air Magic
 + Level 12.2 Earth Magic
 + Level 12.2 Poison Magic


You knew the following spells:

 Your Spells              Type           Power      Damage    Failure   Level
a - Foxfire               Conj/Fire      100%       2x1d9     1%          1
b - Scorch                Fire           100%       2d9       1%          2
c - Volatile Blastmotes   Fire/Tloc      100%       2d18      1%          3
d - Inner Flame           Hex/Fire       100%       N/A       1%          3
e - Flame Wave            Conj/Fire      100%       2d21      1%          4
f - Summon Small Mammal   Summ           100%       N/A       1%          1
g - Jinxbite              Hex            100%       N/A       1%          2
h - Call Imp              Summ           100%       N/A       1%          2
i - Manifold Assault      Tloc           68%        N/A       1%          4
j - Summon Lightning Spi  Summ/Air       68%        N/A       1%          4
k - Yara's Violent Unrav  Hex/Tmut       34%        3d14      1%          5
l - Conjure Ball Lightni  Conj/Air       34%        3x3d11    5%          6
Your spell library was empty.

Dungeon Overview and Level Annotations

Branches:
Dungeon (13/15)            Temple (1/1) D:7            Lair (5/5) D:10
  Swamp (0/4) Lair:3        Snake (0/4) Lair:3        Slime (0/5) Lair:4
    Orc (0/2) D:10
 Vaults: D:13-14

Altars:
Ashenzari
Cheibriados
Dithmenos
Elyvilon
Fedhas
Gozag
Hepliaklqana
Makhleb
Nemelex Xobeh
Okawaru
Qazlal
Ru
Trog
Uskayaw
Wu Jian
Xom
Yredelemnul
Zin
The Shining One

Shops:
D:1 !   D:5 (   D:10 *


Innate Abilities, Weirdness & Mutations

You are immune to sickness and miasma.
You are immune to poison.
Your flesh is very heat resistant. (rF++)
You are vulnerable to cold. (rC-)
You float through the air rather than walking.
You learn spells naturally, not from books.
Your magical power is your life essence.
You have superior vitality. (+4 MHP)


Message History

The eight-headed hydra bites you but does no damage.
The eight-headed hydra barely misses you.
Casting: Scorch (safe; 1% risk of failure)
Confirm with . or Enter, or press ? or * to list all spells.
You feel a strong surge of power!
Flames lash the eight-headed hydra.
The eight-headed hydra is burned terribly!
The eight-headed hydra is severely wounded.
The eight-headed hydra barely misses you. x4
The eight-headed hydra bites you! x3
The eight-headed hydra barely misses you.
Casting: Scorch (safe; 1% risk of failure)
Confirm with . or Enter, or press ? or * to list all spells.
You feel a strong surge of power!
Flames lash the elephant.
The elephant is lightly wounded.
The elephant's fire resistance burns away.
The eight-headed hydra bites you but does no damage.
The eight-headed hydra bites you. x2; The eight-headed hydra bites you!
The eight-headed hydra bites you.
* * * LOW HITPOINT WARNING * * *
The eight-headed hydra bites you!
* * * LOW HITPOINT WARNING * * *
The eight-headed hydra bites you.
* * * LOW HITPOINT WARNING * * *
The eight-headed hydra bites you but does no damage.
Casting: Scorch (safe; 1% risk of failure)
Confirm with . or Enter, or press ? or * to list all spells.
You feel a strong surge of power!
Flames lash the elephant.
The elephant is burned terribly!
The elephant is lightly wounded.
* * * LOW HITPOINT WARNING * * *
The eight-headed hydra bites you.
* * * LOW HITPOINT WARNING * * *
The eight-headed hydra bites you but does no damage.
The eight-headed hydra completely misses you.
The eight-headed hydra bites you.
* * * LOW HITPOINT WARNING * * *
The eight-headed hydra bites you.
* * * LOW HITPOINT WARNING * * *
The eight-headed hydra bites you!
You die...

# #............
...P....#..##...........
?............#...........
..........................
.$..................##..#..
................##.........
...........................
..........DY...............
..........@...............†
.................#.P...#.#.
................##.........
................#.P.....#.#.
................P...........
..................P..#...#.#.
...................##........
...................###...#.#.
..................# #P.......


You could see an eight-headed hydra (combustible) and an elephant (combustible).

Vanquished Creatures
  3 hydras
  7 vault guards (D:13)
  A catoblepas (D:13)
  7 death yaks
  3 two-headed ogres
  A boulder beetle (Lair:3)
  Amaemon (Lair:2)
  A skyshark (Lair:3)
  3 skeletal warriors (D:12)
  2 spriggan druids (Lair:3)
  A necromancer (Lair:5)
  A lindwurm (Lair:5)
  2 deep elf pyromancers
  A manticore (D:12)
  6 black mambas
  8 elephants
  A torpor snail (Lair:3)
  An orange demon (Lair:2)
  6 rime drakes
  6 cane toads
  A kobold demonologist (D:10)
  An efreet (D:12)
  4 komodo dragons
  A queen bee (Lair:3)
  3 polar bears
  5 trolls
  Grinder (D:6)
  A hornet (D:10)
  2 dream sheep (Lair:2)
  4 blink frogs
  A shadow (D:13)
  2 wyverns
  3 wraiths
  29 yaks
  A vampire (D:12)
  4 basilisks
  4 steam dragons
  2 death yak simulacra (Lair:5)
  2 acid dragons (D:8)
  3 nagas (Lair:3)
  15 water moccasins
  2 hydra simulacra (Lair:5)
  Duvessa (D:6)
  Edmund (D:5)
  4 orc warriors
  A swamp drake (D:10)
  2 black bears
  3 sky beasts
  2 ogres
  6 ice beasts
  2 centaurs
  26 wolves
  2 phantoms
  Blork the orc (D:4)
  5 kobold brigands
  19 bullfrogs
  A gnoll sergeant (D:10)
  6 wights
  Dowan (D:6)
  5 elephant simulacra (Lair:5)
  25 killer bees
  5 electric eels
  3 howler monkeys
  4 hounds
  7 orc priests
  A gnoll bouda (D:6)
  17 jellies
  3 iguanas
  4 sleepcaps
  20 orc wizards
  A hell rat (Lair:5)
  6 gnolls
  6 adders
  A shadow imp (D:6)
  4 white imps
  2 hell rat simulacra (Lair:5)
  A dart slug (D:4)
  51 orcs
  5 ball pythons
  2 endoplasms (D:3)
  3 giant cockroaches
  11 goblins
  10 hobgoblins
  2 jackals (D:3)
  2 quokkas (D:4)
  6 bats
  5 frilled lizards
  19 kobolds
  A rat (D:3)
  2 butterflies (Lair:1)
470 creatures vanquished.

Vanquished Creatures (collateral kills)
  2 two-headed ogres
  A deep elf pyromancer (D:9)
  A torpor snail (Lair:2)
  A cane toad (Lair:2)
  A rime drake (D:10)
  A dream sheep (Lair:2)
  6 yaks
  2 ice beasts (D:10)
  A black bear (Lair:1)
  2 orc warriors
  A kobold brigand (D:9)
  An orc priest (D:10)
  Jessica (D:3)
  An orc wizard (D:9)
  A gnoll (D:10)
  5 orcs
  4 kobolds (D:9)
32 creatures vanquished.

Vanquished Creatures (others)
  307 foxfires
307 creatures vanquished.

Grand Total: 809 creatures vanquished

Notes
Turn   | Place    | Note
-------+----------+-------------------------------------------
     0 | D:1      | Dordric the Djinni Fire Elementalist began the quest for
                  | the Orb.
     0 | D:1      | Dordric set off with the following spells memorised:
                  | Foxfire, Scorch, Volatile Blastmotes, Inner Flame, Flame
                  | Wave.
     0 | D:1      | Reached XP level 1. HP: 15/15 MP: 0/0
   296 | D:1      | Reached XP level 2. HP: 15/22 MP: 0/0
   533 | D:1      | Found Giwkaf's Distillery.
   544 | D:1      | Reached skill level 1 in Fighting
   788 | D:2      | Reached XP level 3. HP: 26/27 MP: 0/0
   788 | D:2      | Learned a level 1 spell: Summon Small Mammal
   793 | D:2      | Found a faded altar of an unknown god.
  1851 | D:3      | Reached XP level 4. HP: 31/33 MP: 0/0
  1980 | D:3      | Found a glowing golden altar of the Shining One.
  1981 | D:3      | Noticed a sky beast
  1990 | D:3      | Killed a sky beast
  1991 | D:3      | Reached XP level 5. HP: 31/40 MP: 0/0
  1991 | D:3      | Learned a level 2 spell: Jinxbite
  2159 | D:3      | Noticed Jessica
  2164 | D:3      | Killed Jessica
  2334 | D:3      | Reached XP level 6. HP: 42/46 MP: 0/0
  2402 | D:4      | Noticed Blork the orc
  2408 | D:4      | Killed Blork the orc
  2925 | D:4      | Reached XP level 7. HP: 40/53 MP: 0/0
  2925 | D:4      | Learned a level 2 spell: Call Imp
  3702 | D:5      | Entered Level 5 of the Dungeon
  3713 | D:5      | Noticed a wyvern
  3715 | D:5      | Reached skill level 5 in Fighting
  3718 | D:5      | Killed a wyvern
  3719 | D:5      | Reached skill level 5 in Spellcasting
  3719 | D:5      | Reached skill level 5 in Conjurations
  3719 | D:5      | Reached skill level 5 in Hexes
  3719 | D:5      | Reached skill level 5 in Summonings
  3719 | D:5      | Reached skill level 5 in Necromancy
  3719 | D:5      | Reached skill level 5 in Translocations
  3719 | D:5      | Reached skill level 5 in Transmutations
  3719 | D:5      | Reached skill level 5 in Fire Magic
  3719 | D:5      | Reached skill level 5 in Ice Magic
  3719 | D:5      | Reached skill level 5 in Air Magic
  3719 | D:5      | Reached skill level 5 in Earth Magic
  3719 | D:5      | Reached skill level 5 in Poison Magic
  3820 | D:5      | Reached XP level 8. HP: 56/61 MP: 0/0
  3849 | D:5      | Found a sacrificial altar of Ru.
  3954 | D:5      | Found Jauth's Antique Weapon Boutique.
  3989 | D:5      | Noticed Edmund
  4049 | D:5      | Killed Edmund
  4244 | D:5      | Found a hazy altar of Hepliaklqana.
  4527 | D:6      | Noticed Grinder
  4536 | D:6      | Paralysed by Grinder for 5 turns
  4537 | D:6      | Killed Grinder
  4538 | D:6      | Reached XP level 9. HP: 57/68 MP: 0/0
  4538 | D:6      | Learned a level 4 spell: Manifold Assault
  4865 | D:6      | Found an iron altar of Okawaru.
  5706 | D:6      | Noticed Duvessa
  5719 | D:6      | Killed Duvessa
  5793 | D:6      | Noticed Dowan
  5796 | D:6      | Killed Dowan
  6021 | Bailey   | Identified the "Abrienet"
  6163 | D:7      | Found a staircase to the Ecumenical Temple.
  6395 | D:7      | Found a flagged portal.
  6404 | D:7      | Reached XP level 10. HP: 60/78 MP: 0/0
  6705 | Temple   | Entered the Ecumenical Temple
  6760 | Temple   | Became a worshipper of Makhleb the Destroyer
  6991 | D:7      | Reached skill level 10 in Fighting
  7758 | D:8      | Reached * piety under Makhleb
  8698 | D:8      | Identified a scroll of acquirement
  8698 | D:8      | Acquired a +2 vampiric lajatang
  8750 | D:9      | Noticed a deep elf pyromancer
  8760 | D:9      | Killed a deep elf pyromancer
  8761 | D:9      | Reached skill level 1 in Staves
  8761 | D:9      | Reached XP level 11. HP: 78/86 MP: 0/0
  8761 | D:9      | Learned a level 4 spell: Summon Lightning Spire
  8799 | D:9      | Noticed a two-headed ogre
  8806 | D:9      | Killed a two-headed ogre
  8807 | D:9      | Reached skill level 2 in Staves
  8843 | D:9      | Identified the +4 cloak "Dutaona" {rPois rF- Int+3}
  8890 | D:9      | Reached skill level 3 in Staves
  9137 | D:9      | Noticed a two-headed ogre
  9143 | D:9      | Killed a two-headed ogre
  9144 | D:9      | Reached skill level 4 in Staves
  9351 | D:9      | Noticed a deep elf pyromancer
  9362 | D:9      | Killed a deep elf pyromancer
  9559 | D:10     | Identified the of Fuopyixo
  9559 | D:10     | Entered Level 10 of the Dungeon
  9564 | D:10     | Reached ** piety under Makhleb
  9572 | D:10     | Reached skill level 5 in Staves
  9595 | D:10     | Noticed a two-headed ogre
  9603 | D:10     | Killed a two-headed ogre
  9604 | D:10     | Reached skill level 10 in Spellcasting
  9604 | D:10     | Reached skill level 10 in Conjurations
  9604 | D:10     | Reached skill level 10 in Hexes
  9604 | D:10     | Reached skill level 10 in Summonings
  9604 | D:10     | Reached skill level 10 in Necromancy
  9604 | D:10     | Reached skill level 10 in Translocations
  9604 | D:10     | Reached skill level 10 in Transmutations
  9604 | D:10     | Reached skill level 10 in Fire Magic
  9604 | D:10     | Reached skill level 10 in Ice Magic
  9604 | D:10     | Reached skill level 10 in Air Magic
  9604 | D:10     | Reached skill level 10 in Earth Magic
  9604 | D:10     | Reached skill level 10 in Poison Magic
  9629 | D:10     | Found a staircase to the Lair.
  9813 | D:10     | Reached skill level 6 in Staves
  9877 | D:10     | Found Detuply's General Store.
 10341 | D:10     | Reached XP level 12. HP: 93/93 MP: 0/0
 10345 | D:10     | Found a staircase to the Orcish Mines.
 10552 | D:11     | Noticed a two-headed ogre
 10560 | D:11     | Killed a two-headed ogre
 10851 | D:11     | Reached *** piety under Makhleb
 10852 | D:11     | Reached skill level 7 in Staves
 11221 | D:12     | Noticed a two-headed ogre
 11241 | D:12     | Killed a two-headed ogre
 11244 | D:12     | Reached skill level 8 in Staves
 11415 | D:12     | Noticed a skeletal warrior
 11415 | D:12     | Noticed a skeletal warrior
 11445 | D:12     | Killed a skeletal warrior
 11461 | D:12     | Killed a skeletal warrior
 11462 | D:12     | Reached skill level 9 in Staves
 11485 | D:12     | Noticed a skeletal warrior
 11501 | D:12     | Killed a skeletal warrior
 11756 | D:12     | You are sucked into a shaft and drop 1 floor!
 11864 | D:13     | Noticed a vault guard
 11865 | D:13     | Reached skill level 10 in Staves
 11871 | D:13     | Noticed a vault guard
 11872 | D:13     | Noticed a vault guard
 11873 | D:13     | Killed a vault guard
 11884 | D:13     | Killed a vault guard
 11885 | D:13     | Reached XP level 13. HP: 98/98 MP: 0/0
 11885 | D:13     | Learned a level 5 spell: Yara's Violent Unravelling
 11886 | D:13     | Killed a vault guard
 11886 | D:13     | Noticed a vault guard
 11892 | D:13     | Noticed a vault guard
 11895 | D:13     | Noticed a vault guard
 11898 | D:13     | Noticed a vault guard
 11907 | D:13     | Killed a vault guard
 11908 | D:13     | Reached skill level 11 in Staves
 11934 | D:13     | Killed a vault guard
 11934 | D:13     | Killed a vault guard
 11938 | D:13     | Killed a vault guard
 11988 | D:13     | Noticed a catoblepas
 12001 | D:13     | Killed a catoblepas
 12002 | D:13     | Reached skill level 12 in Staves
 12009 | D:13     | Identified the ring of Contentment {Will++ rCorr}
 12144 | D:12     | Acquired the ring of Tiew {Ice Will+ SInv}
 12313 | Lair:1   | Entered Level 1 of the Lair of Beasts
 12337 | Lair:1   | Reached **** piety under Makhleb
 13513 | Lair:2   | Reached skill level 13 in Staves
 13691 | Lair:2   | Reached ***** piety under Makhleb
 13710 | Lair:2   | Found a frozen archway.
 13837 | Lair:2   | Noticed Amaemon
 13850 | Lair:2   | Killed Amaemon
 13851 | Lair:2   | Reached XP level 14. HP: 57/105 MP: 0/0
 14498 | Lair:3   | Reached skill level 14 in Staves
 14779 | Lair:3   | Found a staircase to the Swamp.
 14922 | Lair:3   | Found a staircase to the Snake Pit.
 16510 | Lair:4   | Found a staircase to the Slime Pits.
 16833 | Lair:5   | Entered Level 5 of the Lair of Beasts
 16840 | Lair:4   | Reached ****** piety under Makhleb
 16920 | Lair:5   | Reached XP level 15. HP: 108/115 MP: 0/0
 16920 | Lair:5   | Learned a level 6 spell: Conjure Ball Lightning
 17207 | Lair:5   | HP: 1/115 [eight-headed hydra (6)]
 17207 | Lair:5   | Mangled by an eight-headed hydra

Illustrated notes

Levels and vault maps discovered:
D:1:      orjb1_lava_funnel, layout_basic, serial_shops, nicolae_shop_waterfront
D:2:      layout_basic, chequers_ecumenical_altar_island,
          minmay_tree_intersection
D:3:      layout_basic, mainiacjoe_overflow_surrounded_room, uniq_jessica
D:4:      layout_basic, minmay_crystal_room, kennysheep_small_square,
          uniq_blork_the_orc
D:5:      layout_cave_pools, mainiacjoe_overflow_catwalk,
          nicolae_hepliaklqana_hazy_memory, serial_shops, nicolae_square_shop,
          uniq_edmund
D:6:      cheibrodos_thug_alley, layout_basic, okawaru_gym_becter, uniq_grinder,
          uniq_duvessa
D:7:      layout_loops_ring, minmay_temple_entry_gardened_gates, enter_bailey_5
D:8:      minmay_clustersquares, layout_loops_cross
D:9:      layout_irregular_city, fiery_altar_vehumet, billiards_dpeg
D:10:     layout_basic, hellmonk_lair_entry_icy, erik_orc_1, serial_shops, shop
D:11:     layout_loops_ring
D:12:     layout_roguey
D:13:     layout_irregular_city, erik_vaults_2, grunt_decor_fettered
Temple:   minmay_crystal_spiral_temple
Lair:1:   layout_layer_cave, nicolae_quartered_pool_super, grunt_megastairs_4,
          lemuel_fruit_fields, lemuel_fruit_fields
Lair:2:   layout_loops_ring, serial_rivers, chequers_serial_rivers_micro_c,
          chequers_serial_rivers_large_a, chequers_serial_rivers_room_a,
          chequers_serial_rivers_room_a, chequers_serial_rivers_micro_e,
          chequers_serial_rivers_micro_c, portal_ice_cave_entry_pillars_2,
          serial_bayou_lake_a, uniq_amaemon
Lair:3:   layout_cave_pods, mainiacjoe_swamp_entry_angry_trees,
          nicolae_snake_entry_squirm, special_room [special_room_bee]
Lair:4:   layout_cave_pods, minmay_slime_entry_jelly_boxes, serial_bayou_ford_a
Lair:5:   evilmike_catoblepas_cave, layout_gridlike, st_stairs_9,
          eino_house_with_fridge

Skill      XL: |  1  2  3  4  5  6  7  8  9 10 11 12 13 14 |
---------------+-------------------------------------------+-----
Spellcasting   | 4 5 6 7 8 10 12 | 12.2
Conjurations   | 4 5 6 7 8 10 12 | 12.2
Hexes          | 4 5 6 7 8 10 12 | 12.2
Summonings     | 4 5 6 7 8 10 12 | 12.2
Necromancy     | 4 5 6 7 8 10 12 | 12.2
Translocations | 4 5 6 7 8 10 12 | 12.2
Transmutations | 4 5 6 7 8 10 12 | 12.2
Fire Magic     | 4 5 6 7 8 10 12 | 12.2
Ice Magic      | 4 5 6 7 8 10 12 | 12.2
Air Magic      | 4 5 6 7 8 10 12 | 12.2
Earth Magic    | 4 5 6 7 8 10 12 | 12.2
Poison Magic   | 4 5 6 7 8 10 12 | 12.2
Fighting       | 1 2 3 4 5 7 9 10 11 13 | 13.5
Staves         | 1 6 10 13 14 | 14.0
Dodging        | |  2.1
Stealth        | |  1.5

Action                     |  1- 3 |  4- 6 |  7- 9 | 10-12 | 13-15 || total
---------------------------+-------+-------+-------+-------+-------++-------
  Melee: Dagger            |       |       |    11 |     2 |       ||    13
         Lajatang          |       |       |       |    82 |   535 ||   617
   Cast: Foxfire           |    75 |    13 |    24 |    66 |     6 ||   184
         Scorch            |     9 |    13 |    69 |    77 |    35 ||   203
         Summon Small Mamm |     5 |     7 |       |       |       ||    12
         Inner Flame       |       |    11 |    44 |   109 |    70 ||   234
         Volatile Blastmot |       |    11 |    13 |    51 |    10 ||    85
         Call Imp          |       |       |     8 |       |       ||     8
         Manifold Assault  |       |       |     5 |       |   190 ||   195
         Summon Lightning  |       |       |       |    29 |     7 ||    36
         Flame Wave        |       |       |       |       |    44 ||    44
         Yara's Violent Un |       |       |       |       |     1 ||     1
 Invoke: Lesser Servant of |       |       |       |       |     1 ||     1
    Use: Scroll            |     1 |       |     2 |     8 |     2 ||    13
         Potion            |       |     2 |       |       |       ||     2
   Stab: Sleeping          |       |       |       |       |     1 ||     1
 Armour: Robe              |     9 |     7 |    24 |   118 |       ||   158
         Troll leather arm |       |       |       |    57 |   482 ||   539
  Dodge: Dodged            |    15 |     3 |    18 |    89 |   221 ||   346

Table legend: (Time is in decaauts)
 A = Elapsed time spent in this place.
 B = Non-inter-level travel time spent in this place.
 C = Inter-level travel time spent in this place.
 D = Time resting spent in this place.
 E = Time spent auto-exploring this place.
 F = Levels seen in this place.
 G = Mean time per level.
                   A        B        C        D        E       F      G
               +--------+--------+--------+--------+--------+-----+--------+
         Total |  17121 |  16581 |    540 |   1031 |  12301 |  19 |  901.1 |
       Dungeon |  12270 |  11838 |    432 |    758 |   8876 |  13 |  943.8 |
        Temple |     74 |     74 |      0 |      0 |      0 |   1 |   74.0 |
          Lair |   4776 |   4669 |    107 |    273 |   3425 |   5 |  955.2 |
               +--------+--------+--------+--------+--------+-----+--------+

Top non-repeatable levels by time:
  Lair:3: 1679 daAuts
     D:6: 1657 daAuts
     D:4: 1405 daAuts
     D:8: 1404 daAuts
     D:3: 1107 daAuts
     D:7: 1031 daAuts
  Lair:1: 968 daAuts
  Lair:4: 940 daAuts
    D:10: 921 daAuts
  Lair:2: 860 daAuts
     D:9: 842 daAuts
    D:12: 769 daAuts
     D:5: 765 daAuts
    D:11: 714 daAuts
     D:1: 661 daAuts
